 Dungeon Crawl Stone Soup version 0.18.1-5-g4a78601 (webtiles) character file.

22878 inmateoo the Transmogrifier (level 12, -6/78 HPs)
             Began as a Felid Transmuter on May 10, 2016.
             Was the Champion of Makhleb.
             Mangled by a salamander
             ... wielding a +0 trident
              (15 damage)
             ... in a volcano.
             The game lasted 00:53:33 (23456 turns).

inmateoo the Transmogrifier (Felid Transmuter)     Turns: 23456, Time: 00:53:33

Health: -6/78      AC: 16    Str: 17    XL:     12   Next: 66%
Magic:  25/25      EV: 10    Int: 14    God:    Makhleb [******]
Gold:   764        SH:  0    Dex: 19    Spells: 7 memorised, 3 levels left
                                        Lives:  0   Deaths: 3

rFire  + + .     SeeInvis +       - Unarmed
rCold  x . .     Gourm    .     (armour unavailable)
rNeg   . . .     Faith    .     (shield unavailable)
rPois  +         Spirit   .     (helmet unavailable)
rElec  .         Dismiss  .     (cloak unavailable)
rCorr  .         Reflect  .     (gloves unavailable)
SustAt .         Harm     .     (boots unavailable)
MR     ++...                    j - amulet of magic regeneration
Stlth  +++.......               I - ring of wizardry
                                M - ring of wizardry

@: dragon-form, flying, very slightly contaminated, very resistant to hostile
enchantments, fairly stealthy
A: no armour, no weapons or thrown items, (claws 0), (fangs 0), (iridescent
scales 0), (camouflage 0), see invisible, carnivore 3, dopey 1, (speed 0), magic
resistance 1, screaming 1, (shaggy fur 0), slow metabolism 1, MP-powered wands,
(sharp paws)
a: End Transformation, Minor Destruction, Lesser Servant of Makhleb, Major
Destruction, Greater Servant of Makhleb, Renounce Religion, Breathe Fire


You were in a volcano.
You worshipped Makhleb.
Makhleb was exalted by your worship.
You were full.
You were a fearsome dragon!
You visited 3 branches of the dungeon, and saw 18 of its levels.
You also visited: Labyrinth, Ossuary and Volcano.

You collected 1041 gold pieces.
You spent 277 gold pieces at shops.

Inventory:

Missiles
 a - 228 arrows
Jewellery
 j - an amulet of magic regeneration (around neck)
 y - a +4 ring of dexterity
 I - a ring of wizardry (right foreclaw)
 M - a ring of wizardry (left foreclaw)
 O - a +2 ring of intelligence
 R - an uncursed ring of poison resistance
 V - an uncursed ring of protection from cold
 W - the ring "Huora" {Fire +Inv Dex+2}
   (You found it in a labyrinth)

   [ring of fire]

   It enhances your fire magic, and weakens your ice magic.
   It affects your dexterity (+2).
   It protects you from fire.
   It makes you vulnerable to cold.
   It lets you turn invisible.
 Y - a cursed ring of teleportation {unknown}
Wands
 v - a wand of disintegration (9/24)
 w - a wand of teleportation (5/9)
 x - a wand of flame (9/48)
 z - a wand of digging (15/24)
 A - a wand of polymorph (9/24)
 C - a wand of random effects (18/48)
 D - a wand of confusion (6/48)
 J - a wand of flame (35/48)
 L - a wand of enslavement (6/24)
 P - a wand of paralysis (1/24)
 T - a wand of flame (20/48)
 U - a wand of hasting (6/9)
 X - a wand of lightning (5/15)
 Z - a wand of acid (11/15)
Scrolls
 f - 4 scrolls of remove curse
 k - a scroll of identify
 q - 2 scrolls of fog
 r - a scroll of teleportation
 s - 2 scrolls of magic mapping
 B - 2 scrolls of amnesia
Potions
 d - 2 potions of ambrosia
 e - 3 potions of might
 n - 4 potions of brilliance
 p - a potion of cancellation
 u - 3 potions of flight
 F - a potion of agility
 G - a potion of magic
 H - a potion of berserk rage
 S - a potion of resistance
Miscellaneous
 m - a phial of floods (inert)
 o - a box of beasts {used: 3}
Comestibles
 c - 5 meat rations
 h - 3 beef jerkies
 t - 3 slices of pizza
 E - 2 royal jellies


   Skills:
 - Level 6.0 Fighting
 - Level 7.0 Dodging
 - Level 10.0 Stealth
 * Level 11.8 Unarmed Combat
 + Level 8.0 Spellcasting
 * Level 12.8 Transmutations
 - Level 3.0 Ice Magic
 - Level 3.0 Poison Magic
 * Level 8.4 Evocations


You had 3 spell levels left.
You knew the following spells:

 Your Spells              Type           Power        Failure   Level  Hunger
a - Beastly Appendage     Trmt           #####.       1%          1    None
b - Sticks to Snakes      Trmt           #####...     1%          2    None
c - Spider Form           Trmt/Pois      ####......   1%          3    ##.....
d - Ice Form              Ice/Trmt       ####....     2%          4    ####...
e - Hydra Form            Trmt           #####.....   3%          6    #######
f - Apportation           Tloc           #.........   4%          1    None
g - Dragon Form           Trmt           #####.....   24%         7    #######


Dungeon Overview and Level Annotations

Branches:
Dungeon (14/15)            Temple (1/1) D:6            Lair (3/8) D:10
  Swamp (0/4) Lair:3          Orc (0/2) D:10
  Snake: Lair:3-6    Spider: Lair:3-6    Vaults: D:13-14

Altars:
Ashenzari
Cheibriados
Dithmenos
Elyvilon
Fedhas
Kikubaaqudgha
Makhleb
Nemelex Xobeh
Okawaru
Pakellas
Qazlal
Sif Muna
Trog
Vehumet
Xom
The Shining One

Shops:
D:4 ?   D:6 *   D:11 (


Innate Abilities, Weirdness & Mutations

You cannot wear armour.
You are incapable of wielding weapons or throwing items.
((You have sharp claws.))
((You have razor-sharp teeth.))
You have supernaturally acute eyesight.
You are carnivorous and can eat meat at any time.
((You cover ground quickly.))
((Your thick and shaggy fur keeps you warm (AC +3, rC+).))
You have a slow metabolism.
((Your sharp claws are effective at attacking unaware monsters.))
((You are partially covered in iridescent scales (AC +4).))
((Your skin changes colour to match your surroundings (Stealth).))
You are dopey. (Int -2)
You are resistant to hostile enchantments.
You occasionally shout uncontrollably at your foes.
You expend magic power (3 MP) to strengthen your wands.


Message History

Unknown command.
Unknown command.
Drink which item? (? for menu, Esc to quit)
You feel better.
Your adder bites the salamander.
The salamander escapes!
Your ball python completely misses the salamander.
Your ball python grabs the salamander.
Your ball python constricts the salamander.
The salamander hits you but does no damage.
Your ball python bites the salamander but does no damage.
Your ball python constricts the salamander.
Your adder bites the salamander but does no damage.
Unknown command.
You bite the salamander!!
You bite the salamander, but do no damage.
The salamander is almost dead.
Your adder bites the salamander but does no damage.
Your ball python bites the salamander but does no damage.
Your ball python constricts the salamander.
The salamander hits you with a trident!
You die... .§≈§≈≈≈≈§≈§§≈≈§≈§########)####### ...≈§≈≈≈§§≈§≈§§§.# #)# .≈≈§§≈≈§§§§≈§≈§§.# #N# .≈§≈≈≈≈§≈§§≈§§§≈§# #N# .≈≈≈§§§§≈§§.≈≈≈§H# #(# ≈≈≈§≈≈≈≈..≈≈≈≈§§H######.#(#.##### ..≈≈≈≈.§≈§≈§§≈§≈S#......#(#...... .≈≈§§§≈§≈§≈§§≈≈SN###++###N###++## ...§≈§≈≈≈§≈§≈≈≈≈D# NN.

§§§§§§≈≈§§≈≈≈≈§≈§# .8_8.
.≈≈≈≈≈≈≈≈≈≈≈≈≈≈≈§# '.....'
.§§≈≈≈§≈§≈≈§§§≈≈§################
.§§§≈§§≈≈≈≈≈§≈§≈...§§.......§§...
.§§≈§§≈≈≈§≈≈≈§≈≈≈≈§§.≈≈≈≈§≈§§≈§§§
..≈≈≈§≈§§≈§≈≈≈≈≈≈§§≈≈≈≈§§≈≈≈§§§§≈
..§≈§§§≈≈≈≈§≈≈≈§§§≈§§≈≈≈§≈≈≈≈≈≈≈≈
...≈§≈§≈≈≈≈≈≈≈§§§≈≈≈§§§≈≈≈≈≈≈≈§§≈


You could see a salamander, a friendly mature stingfire beast, a friendly adder
and a friendly ball python.

Vanquished Creatures
  Nessos (D:13)
  A minotaur (Lab)
  Josephine (D:12)
  5 hydras
  A salamander mystic (Volcano)
  Pikel (D:5)
  6 hill giants
  An ugly thing (D:8)
  2 salamanders (Volcano)
  2 manticores
  2 black mambas (Lair:1)
  2 spiny frogs (Lair:2)
  A centaur skeleton (D:12)
  3 komodo dragons
  An efreet (D:13)
  A freezing wraith (D:11)
  A minotaur zombie (Lab)
  A troll (D:9)
  A two-headed ogre (D:8)
  4 blink frogs (Lair:2)
  5 slime creatures (D:12)
  9 yaks (D:11)
  3 wyverns
  A fire bat (Volcano)
  Eustachio (D:6)
  5 wraiths (D:12)
  A basilisk (Lair:3)
  4 vampire mosquitoes (D:12)
  The ghost of Scarto the Skirmisher, an amateur DsFi (D:4)
  6 hippogriffs
  Grum (D:11)
  2 steam dragons
  4 hungry ghosts
  Edmund (D:5)
  A soldier ant (D:10)
  4 water moccasins
  2 gnoll sergeants
  6 orc warriors
  A sky beast (D:7)
  A porcupine (Lair:1)
  Duvessa (D:5)
  An eye of draining (D:12)
  A slave (D:5)
  2 black bears
  3 ice beasts
  2 phantoms
  3 killer bees (D:9)
  8 centaurs
  7 wolves
  2 crocodiles (Lair:2)
  9 ogres
  An elf zombie (Ossuary)
  5 big kobolds
  10 giant frogs
  Dowan (D:5)
  5 scorpions
  A wyvern skeleton (D:8)
  A water moccasin skeleton (D:8)
  An electric eel (D:10)
  15 wights
  5 howler monkeys
  A lava snake (Volcano)
  13 crimson imps
  2 giant frog zombies
  2 quasits (D:10)
  A wasp zombie (D:13)
  3 jellies
  2 centaur zombies
  6 hounds
  Crazy Yiuf (D:5)
  4 orc priests
  20 orc wizards
  A giant frog skeleton (D:10)
  A gnoll shaman (D:5)
  5 iguanas
  12 worker ants
  2 big kobold zombies (Ossuary)
  A hound zombie (D:10)
  A hound skeleton (D:7)
  2 mummies (Ossuary)
  7 gnolls
  8 adders
  A howler monkey skeleton (D:8)
  21 river rats
  3 shadow imps
  A white imp (D:7)
  3 adder skeletons
  5 adder zombies
  3 worms
  2 dart slugs
  3 giant geckos
  53 orcs
  5 giant cockroaches
  6 goblins
  7 hobgoblins
  24 jackals
  8 quokkas
  3 ball pythons
  2 bats (D:2)
  A giant cockroach zombie (D:5)
  4 giant newts
  A goblin zombie (Ossuary)
  11 hobgoblin zombies (Ossuary)
  37 kobolds
  6 kobold zombies (Ossuary)
  7 orc zombies (Ossuary)
  6 rats
  A fungus (Lair:1)
  A plant (D:10)
501 creatures vanquished.

Vanquished Creatures (collateral kills)
  2 ugly things
  2 salamanders (Volcano)
  A black mamba (Lair:2)
  A hippogriff (Lair:2)
  A steam dragon (D:9)
  A porcupine (Lair:2)
  A scorpion (D:7)
  A big kobold zombie (Ossuary)
  5 adders
  An adder zombie (Ossuary)
  2 orcs
  A giant newt (D:6)
  A hobgoblin zombie (Ossuary)
  2 orc zombies (Ossuary)
  A fungus (Lair:2)
23 creatures vanquished.

Vanquished Creatures (others)
  A sky beast (D:13)
  2 slaves (D:5)
  A centaur (D:12)
  3 killer bees (D:9)
  A gnoll shaman (D:5)
  An orc wizard (D:5)
  5 gnolls (D:5)
  An adder (D:5)
  2 fungi
17 creatures vanquished.

Grand Total: 541 creatures vanquished

Notes
Turn   | Place    | Note
--------------------------------------------------------------
     0 | D:1      | inmateoo the Felid Transmuter began the quest for the Orb.
     0 | D:1      | Reached XP level 1. HP: 9/9 MP: 4/4
   237 | D:1      | Reached skill level 1 in Stealth
   415 | D:1      | Reached XP level 2. HP: 12/12 MP: 6/6
   419 | D:1      | Learned a level 2 spell: Sticks to Snakes
   998 | D:2      | Reached XP level 3. HP: 4/15 MP: 4/7
  1011 | D:2      | Learned a level 3 spell: Spider Form
  1963 | D:2      | Reached XP level 4. HP: 18/19 MP: 8/8
  2473 | D:3      | Reached skill level 3 in Transmutations
  3566 | D:2      | Reached skill level 1 in Poison Magic
  3566 | D:2      | Reached XP level 5. HP: 12/22 MP: 6/9
  4118 | D:4      | Noticed Scarto's ghost (amateur DsFi)
  4880 | D:4      | Gained mutation: You are covered in thick fur (AC +2). [Felid growth]
  4880 | D:4      | Reached XP level 6. HP: 10/25 MP: 8/10
  5113 | D:4      | Found Roes's Magic Scroll Boutique.
  5119 | D:4      | Bought a scroll of identify for 20 gold pieces
  5119 | D:4      | Bought a scroll of teleportation for 30 gold pieces
  5119 | D:4      | Bought a scroll of identify for 20 gold pieces
  5119 | D:4      | Bought a scroll of magic mapping for 35 gold pieces
  5137 | D:4      | Found an oddly glowing altar of Pakellas.
  5165 | D:5      | Entered Level 5 of the Dungeon
  5187 | D:5      | Found a sand-covered staircase.
  5290 | Ossuary  | Entered an ossuary
  5781 | Ossuary  | Reached XP level 7. HP: 22/30 MP: 10/12
  6168 | D:5      | Learned a level 4 spell: Ice Form
  6200 | D:5      | Found a shimmering altar of Xom.
  6209 | D:5      | Noticed Pikel
  6509 | D:5      | Found a radiant altar of Vehumet.
  6571 | D:5      | Reached skill level 5 in Stealth
  6955 | D:5      | Killed Pikel
  6955 | D:5      | Reached skill level 5 in Dodging
  6955 | D:5      | Reached skill level 5 in Unarmed Combat
  6955 | D:5      | Reached skill level 4 in Transmutations
  6955 | D:5      | Reached skill level 1 in Ice Magic
  6955 | D:5      | Reached XP level 8. HP: 21/34 MP: 10/13
  7139 | D:5      | Noticed Edmund
  7169 | D:5      | Killed Edmund
  7805 | D:5      | Noticed Duvessa
  7807 | D:5      | Noticed Dowan
  7826 | D:5      | Killed Duvessa
  7829 | D:5      | Killed Dowan
  7869 | D:5      | Noticed Crazy Yiuf
  7878 | D:5      | Killed Crazy Yiuf
  8167 | D:6      | Reached skill level 5 in Transmutations
  8569 | D:6      | Gained mutation: You occasionally shout uncontrollably at your foes. [potion of mutation]
  8569 | D:6      | Gained mutation: You expend magic power (3 MP) to strengthen your wands. [potion of mutation]
  8569 | D:6      | Gained mutation: Your mind is acute. (Int +2) [potion of mutation]
  8570 | D:6      | Gained mutation: You tend to lose your temper in combat. [potion of mutation]
  8570 | D:6      | Gained mutation: Your mind is very acute. (Int +4) [potion of mutation]
  8571 | D:6      | Gained mutation: Your flesh is heat resistant. [potion of mutation]
  8840 | D:6      | Found Meojesua's General Store.
  8860 | D:6      | Bought a potion of heal wounds for 75 gold pieces
  8860 | D:6      | Bought a potion of agility for 60 gold pieces
  8860 | D:6      | Bought a potion of mutation for 37 gold pieces
  8860 | D:6      | Lost mutation: You expend magic power (3 MP) to strengthen your wands. [potion of mutation]
  8860 | D:6      | Lost mutation: Your flesh is heat resistant. [potion of mutation]
  8878 | D:6      | Found a staircase to the Ecumenical Temple.
  8885 | Temple   | Entered the Ecumenical Temple
  8899 | Temple   | Became a worshipper of Makhleb the Destroyer
  8926 | D:6      | Noticed Eustachio
  8944 | D:6      | Killed Eustachio
  8944 | D:6      | Reached XP level 9. HP: 32/38 MP: 15/15
  9337 | D:6      | HP: 1/45 [worker ant (4)]
  9555 | D:6      | Found a stormy altar of Qazlal.
  9576 | D:5      | Mangled by a gnoll sergeant
  9577 | D:5      | Reached XP level 8. HP: -6/34 MP: 14/14
  9598 | D:5      | Reached skill level 6 in Transmutations
  9858 | D:4      | Killed Scarto's ghost
 10119 | D:4      | Found a sparkling altar of Nemelex Xobeh.
 10142 | D:4      | Reached * piety under Makhleb
 10698 | D:7      | Reached XP level 9. HP: 39/39 MP: 12/15
 10827 | D:7      | Lost mutation: You tend to lose your temper in combat. [potion of cure mutation]
 10827 | D:7      | Lost mutation: Your mind is very acute. (Int +4) [potion of cure mutation]
 10827 | D:7      | Lost mutation: You occasionally shout uncontrollably at your foes. [potion of cure mutation]
 10827 | D:7      | Lost mutation: Your mind is acute. (Int +2) [potion of cure mutation]
 11027 | D:7      | HP: 2/46 [scorpion (9)]
 11062 | D:7      | Gained mutation: You are partially covered in iridescent scales (AC +4). [mutagenic meat]
 11065 | D:7      | Gained mutation: You expend magic power (3 MP) to strengthen your wands. [mutagenic meat]
 11066 | D:7      | Gained mutation: Your skin changes colour to match your surroundings (Stealth). [mutagenic meat]
 11067 | D:7      | Gained mutation: You are dopey. (Int -2) [mutagenic meat]
 11068 | D:7      | Gained mutation: Your magical capacity is low (-10% MP). [mutagenic meat]
 11096 | D:7      | Reached ** piety under Makhleb
 11372 | D:7      | Reached skill level 7 in Transmutations
 12027 | D:8      | Reached skill level 1 in Evocations
 12118 | D:8      | Identified a scroll of acquirement
 12119 | D:8      | Identified inmateoo's Volume of Curses and Transformation (You acquired it on level 8 of the Dungeon)
 12220 | D:8      | Learned a level 6 spell: Hydra Form
 12292 | D:8      | Reached skill level 10 in Stealth
 12593 | D:8      | Reached *** piety under Makhleb
 12601 | D:8      | Reached XP level 10. HP: 43/43 MP: 16/16
 12707 | D:8      | Found a glowing golden altar of the Shining One.
 12709 | D:8      | Noticed a brown ugly thing
 12774 | D:8      | Killed a brown ugly thing
 13691 | D:9      | Reached skill level 5 in Spellcasting
 13691 | D:9      | Reached skill level 8 in Transmutations
 13703 | D:9      | Found a white marble altar of Elyvilon.
 13950 | D:9      | Reached **** piety under Makhleb
 13951 | D:9      | Found a shadowy altar of Dithmenos.
 13959 | D:9      | Found a white marble altar of Elyvilon.
 13995 | D:9      | Reached skill level 5 in Fighting
 14404 | D:10     | Entered Level 10 of the Dungeon
 14530 | D:10     | Noticed a brown ugly thing
 15170 | D:9      | Killed a brown ugly thing
 15177 | D:9      | Lost mutation: Your magical capacity is low (-10% MP). [mutagenic meat]
 15410 | D:10     | Noticed a wolf spider
 15459 | D:10     | Learned a level 1 spell: Apportation
 15689 | D:10     | Found a staircase to the Lair.
 15722 | D:10     | Noticed a hill giant
 15738 | D:10     | Killed a hill giant
 16190 | D:10     | Reached skill level 9 in Transmutations
 16191 | D:10     | Found a staircase to the Orcish Mines.
 16537 | D:9      | Reached XP level 11. HP: 48/48 MP: 16/20
 16746 | D:11     | Reached ***** piety under Makhleb
 16766 | D:11     | Slain by a yak
 16767 | D:11     | Reached XP level 10. HP: -5/52 MP: 19/19
 16769 | D:11     | Noticed Grum
 16789 | D:11     | Killed Grum
 16840 | D:11     | Noticed a hill giant
 17041 | D:11     | Found a blossoming altar of Fedhas.
 17054 | D:11     | Found a blossoming altar of Fedhas.
 17059 | D:11     | Noticed a manticore
 17062 | D:11     | Found Zegol's Antique Weapon Shoppe.
 17063 | D:11     | Killed a manticore
 17384 | D:11     | Noticed a red ugly thing
 17462 | D:11     | Killed a red ugly thing
 17462 | D:11     | Reached skill level 10 in Transmutations
 17471 | D:11     | Gained mutation: You are resistant to hostile enchantments. [mutagenic meat]
 17473 | D:11     | Gained mutation: You occasionally shout uncontrollably at your foes. [mutagenic meat]
 17718 | D:11     | Killed a hill giant
 17772 | D:11     | Noticed an eight-headed hydra
 17830 | D:11     | Killed an eight-headed hydra
 17830 | D:11     | Reached XP level 11. HP: 48/48 MP: 13/21
 18170 | D:12     | Slain by a manticore
 18171 | D:12     | Reached XP level 10. HP: -2/54 MP: 18/20
 18199 | D:12     | Reached skill level 10 in Unarmed Combat
 18256 | D:12     | Found a labyrinth entrance.
 18261 | Lab      | Entered a labyrinth
 18325 | Lab      | Noticed a minotaur
 18330 | Lab      | Killed a minotaur
 18333 | Lab      | Got a warped steel ring
 18549 | D:12     | Identified the ring "Huora" {Fire +Inv Dex+2} (You found it in a labyrinth)
 18555 | D:12     | Noticed a hill giant
 18561 | D:12     | Killed a hill giant
 18563 | D:12     | Reached skill level 11 in Transmutations
 19006 | D:12     | Reached XP level 11. HP: 24/48 MP: 19/22
 19294 | D:12     | Reached skill level 5 in Evocations
 19607 | D:12     | Noticed Josephine
 19931 | D:12     | Killed Josephine
 19985 | D:12     | Noticed a five-headed hydra
 19992 | D:12     | Killed a five-headed hydra
 20379 | D:13     | Noticed Nessos
 20383 | D:13     | Killed Nessos
 20471 | D:13     | Noticed a four-headed hydra
 20518 | D:13     | Killed a four-headed hydra
 20619 | D:13     | HP: 1/62 [wight/enchanted great sword (3)]
 20930 | D:12     | Noticed a hill giant
 20958 | D:12     | Killed a hill giant
 21140 | D:13     | Noticed a hill giant
 21142 | D:13     | Noticed a hill giant
 21164 | D:13     | Killed a hill giant
 21164 | D:13     | Reached skill level 12 in Transmutations
 21168 | D:13     | Killed a hill giant
 21249 | D:14     | Found a shattered altar of Ashenzari.
 21252 | D:14     | Noticed an orc knight
 21317 | D:10     | Learned a level 7 spell: Dragon Form
 21339 | Lair:1   | Entered Level 1 of the Lair of Beasts
 21342 | Lair:1   | Reached ****** piety under Makhleb
 21466 | Lair:1   | Gained mutation: Your thick and shaggy fur keeps you warm (AC +3, rC+). [Felid growth]
 21466 | Lair:1   | Reached XP level 12. HP: 47/52 MP: 20/24
 21614 | Lair:1   | Noticed a seven-headed hydra
 21644 | Lair:1   | Killed a seven-headed hydra
 22756 | Lair:2   | Noticed a four-headed hydra
 22762 | Lair:2   | Killed a four-headed hydra
 23025 | Lair:3   | Found a dark tunnel.
 23031 | Volcano  | Entered a volcano
 23380 | Volcano  | Found a bloodstained altar of Trog.
 23453 | Volcano  | HP: 2/78 [something (6)]
 23456 | Volcano  | Mangled by a salamander

Skill      XL: |  1  2  3  4  5  6  7  8  9 10 11 12 |
---------------+-------------------------------------+-----
Stealth        | 1 2 3 4 6 8 10 | 10.0
Dodging        | 3 4 5 7 |  7.0
Transmutations | 3 4 6 7 11 12 | 12.8
Unarmed Combat | 4 5 6 7 10 11 | 11.8
Poison Magic   | 1 2 3 |  3.0
Fighting       | 2 3 4 6 |  6.0
Spellcasting   | 3 4 6 7 8 |  8.0
Ice Magic      | 1 2 3 |  3.0
Evocations     | 1 4 7 8 |  8.4

Action                   |  1- 3 |  4- 6 |  7- 9 | 10-12 || total
-------------------------+-------+-------+-------+-------++-------
Melee: Unarmed           |    95 |   257 |   459 |   728 ||  1539
       Bite              |     5 |    16 |    15 |    27 ||    63
       Headbutt          |     6 |     4 |       |       ||    10
       Punch             |       |     4 |     5 |    11 ||    20
       Tailslap          |       |       |       |     3 ||     3
 Cast: Beastly Appendage |     8 |     7 |     1 |       ||    16
       Sticks to Snakes  |     3 |    18 |    14 |    48 ||    83
       Spider Form       |       |    14 |     9 |     1 ||    24
       Ice Form          |       |       |    21 |    56 ||    77
       Hydra Form        |       |       |       |     6 ||     6
       Dragon Form       |       |       |       |     3 ||     3
 Abil: End Transformatio |       |     1 |     6 |    25 ||    32
       Evoke Invisibilit |       |       |       |     6 ||     6
       Breathe Fire      |       |       |       |     2 ||     2
Evoke: Wand              |       |       |     1 |    42 ||    43
       Box of beasts     |       |       |       |     3 ||     3
       Phial of floods   |       |       |       |     1 ||     1
  Use: Scroll            |     3 |    10 |     9 |    23 ||    45
       Potion            |       |     1 |    10 |    10 ||    21
 Stab: Sleeping          |    13 |     6 |    17 |    42 ||    78
       Distracted        |       |     2 |     2 |     8 ||    12
       Invisible         |       |       |       |    26 ||    26
       Confused          |       |       |       |    11 ||    11
       Paralysed         |       |       |       |     7 ||     7
  Eat: Chunk             |    10 |     7 |    35 |    58 ||   110
Armor: Skin              |     5 |    16 |    41 |    92 ||   154
Dodge: Dodged            |    72 |   183 |   302 |   444 ||  1001
